 Dungeon Crawl Stone Soup version 0.27-a0-972-gd1521fd518 (webtiles) character file.

Game seed: 10044219873414594431

67 Alarkh the Insei (level 4, 33/33 HPs)
             Began as a Demonspawn Transmuter on Apr 13, 2021.
             Got out of the dungeon alive.
             The game lasted 00:02:23 (2131 turns).

Alarkh the Insei (Demonspawn Transmuter)            Turns: 2131, Time: 00:02:24

Health: 33/33      AC:  2    Str: 11    XL:     4   Next: 0%
Magic:  7/7        EV: 12    Int: 15    God:
Gold:   96         SH:  0    Dex: 13    Spells: 6/7 levels left

rFire    . . .     SeeInvis .     - Unarmed
rCold    . . .     Faith    .   (no shield)
rNeg     . . .     Spirit   .   a - +0 robe
rPois    .         Reflect  .   (no helmet)
rElec    .         Harm     .   (no cloak)
rCorr    .         Rampage  .   (no gloves)
Will     .....                  (no boots)
Stlth    +.........             (no amulet)
HPRegen  0.11/turn              (no ring)
MPRegen  0.20/turn              (no ring)

@: no status effects
A: demonic guardian 1, magic regeneration
a: no special abilities


You escaped.
You visited 1 branch of the dungeon, and saw 2 of its levels.

You collected 96 gold pieces.

Inventory:

Missiles
 f - 18 poisoned darts
Armour
 a - a +0 robe (worn)
Scrolls
 b - 2 scrolls of magic mapping {unknown}
 e - a scroll of amnesia {unknown}
Potions
 c - a potion of mutation {unknown}
 d - 2 potions of heal wounds {unknown}
 g - a potion of haste {unknown}
 h - a potion of attraction {unknown}


   Skills:
 + Level 1.8 Fighting
 - Level 1.7 Dodging
 * Level 3.5 Unarmed Combat
 + Level 2.4 Spellcasting
 + Level 2.3 Transmutations


You had 6 spell levels left.
You knew the following spells:

 Your Spells              Type           Power      Damage    Failure   Level
a - Beastly Appendage     Tmut           16%        N/A       9%          1

Your spell library contained the following spells:

 Spells                   Type           Power      Damage    Failure   Level
 Wereblood                Tmut           8%         N/A       12%         2
 Spider Form              Tmut/Pois      2%         N/A       36%         3
 Ice Form                 Ice/Tmut       5%         N/A       78%         4
 Hydra Form               Tmut           4%         N/A       92%         5


Dungeon Overview and Level Annotations

Branches:
Dungeon (2/15)

Altars:


Innate Abilities, Weirdness & Mutations

A weak demonic guardian rushes to your aid.
You regenerate magic rapidly.


Message History

As you open the door, it creaks loudly!
There is an open door here.
A frilled lizard comes into view.
Casting: Beastly Appendage (safe; 9% risk of failure)
Confirm with . or Enter, or press ? or * to list all spells.
You miscast Beastly Appendage.
You are very lightly contaminated with residual magic.
Nothing appears to happen.
You hit the frilled lizard.
The frilled lizard is heavily wounded.
The frilled lizard closely misses you.
You miss the frilled lizard.
The frilled lizard is heavily wounded.
The frilled lizard bites you but does no damage.
You miss the frilled lizard.
The frilled lizard is heavily wounded.
The frilled lizard closely misses you.
You hit the frilled lizard.
You kill the frilled lizard!
Your magical contamination has completely faded away.
You have reached level 4!
You feel stronger.
Your demonic ancestry asserts itself...
Your magic begins to regenerate rapidly.
Unknown command.
There is an open door here.
You see here a hobgoblin skeleton.
You see here a ball python skeleton.
You see here a ball python skeleton.
You see here a +0 club.
There is a stone staircase leading up here.
You climb upwards.
There is a stone staircase leading down here.
Unknown command.
Unknown command.
Unknown command.
Unknown command.
Unknown command.
There is a staircase leading out of the dungeon here.
Are you sure you want to leave the Dungeon?
This will make you lose the game!
You have escaped!

.##.### #...# #..#........# #.
.##.# #...# ##+####.#>..## #.
..#.# #...####....####...# ##
#.#.# #.............####.#####
#.#.######...###..#......##......
................####...(...##....
#.#.......)......#####...........
#.#................#####>#.##....
)...######...###@....#####.##....
###.# #.............#######.(. #
#.# #...#####.......## #.#. ###.#
#...# #..##....# ##.#. ....#
#...# #######..# #..#.
....######...# #.## #....
..........#.## #.####...#
.#.####.....########## #.#.......
.#.####..............# #.........


There were no monsters in sight!

Vanquished Creatures
  A gnoll (D:1)
  A worm (D:2)
  2 dart slugs (D:2)
  4 endoplasms
  2 giant cockroaches
  2 goblins (D:2)
  3 hobgoblins
  4 jackals (D:1)
  4 kobolds
  A quokka (D:1)
  6 ball pythons
  6 bats
  3 frilled lizards
  3 rats (D:1)
42 creatures vanquished.

Vanquished Creatures (collateral kills)
  An adder (D:2)
  A goblin (D:2)
  A jackal (D:1)
3 creatures vanquished.

Grand Total: 45 creatures vanquished

Notes
Turn   | Place    | Note
-------+----------+-------------------------------------------
     0 | D:1      | Alarkh the Demonspawn Transmuter began the quest for the
                  | Orb.
     0 | D:1      | Reached XP level 1. HP: 15/15 MP: 3/3
    54 | D:1      | Found a faded altar of an unknown god.
   270 | D:1      | Gained mutation: A weak demonic guardian rushes to your
                  | aid. [demonic ancestry]
   270 | D:1      | Reached XP level 2. HP: 17/21 MP: 1/5
   467 | D:1      | Reached skill level 3 in Unarmed Combat
   982 | D:1      | Reached XP level 3. HP: 21/26 MP: 6/6
  1993 | D:2      | Gained mutation: You regenerate magic rapidly. [demonic
                  | ancestry]
  1993 | D:2      | Reached XP level 4. HP: 33/33 MP: 5/7
  2131 | D:$      | Got out of the dungeon alive.

Illustrated notes

Levels and vault maps discovered:
D:1:      dpeg_arrival_long_road, layout_loops_cross,
          chequers_ecumenical_altar_simple, minmay_tromino_i2
D:2:      minmay_angry_zag, layout_basic, grunt_ministairs_15

Skill      XL: |  1  2 |
---------------+-------+-----
Unarmed Combat | 3 |  3.5
Transmutations | 2 |  2.3
Fighting       | |  1.8
Dodging        | |  1.7
Spellcasting   | |  2.4

Action                   |  1- 3 |  4- 6 || total
-------------------------+-------+-------++-------
Melee: Unarmed           |   110 |       ||   110
       Kick              |    19 |       ||    19
       Headbutt          |     8 |       ||     8
 Cast: Beastly Appendage |    32 |       ||    32
 Stab: Sleeping          |     1 |       ||     1
Armor: Robe              |    23 |       ||    23
Dodge: Dodged            |    88 |       ||    88

Table legend: (Time is in decaauts)
 A = Elapsed time spent in this place.
 B = Non-inter-level travel time spent in this place.
 C = Inter-level travel time spent in this place.
 D = Time resting spent in this place.
 E = Time spent auto-exploring this place.
 F = Levels seen in this place.
 G = Mean time per level.
                   A        B        C        D        E       F      G
               +--------+--------+--------+--------+--------+-----+--------+
         Total |   2126 |   1987 |    139 |     70 |   1538 |   2 | 1063.0 |
       Dungeon |   2126 |   1987 |    139 |     70 |   1538 |   2 | 1063.0 |
               +--------+--------+--------+--------+--------+-----+--------+

Top non-repeatable levels by time:
     D:2: 1075 daAuts
     D:1: 1050 daAuts
